 Dungeon Crawl Stone Soup version 0.27-a0-1513-g2aaa0cc67b (webtiles) character file.

Game seed: 14893309539307064334

6 Laraso the Slasher (level 1, -2/19 HPs)
             Began as a Deep Elf Berserker on July 9, 2021.
             Was a Follower of Trog.
             Slain by a hobgoblin (5 damage)
             ... on level 2 of the Dungeon.
             The game lasted 00:00:29 (165 turns).

Laraso the Slasher (Deep Elf Berserker)              Turns: 165, Time: 00:00:30

Health: -2/19      AC:  2    Str: 14    XL:     1   Next: 75%
Magic:  3/3        EV: 12    Int: 11    God:    Trog [*.....]
Gold:   0          SH:  0    Dex: 14    Spells: 0/0 levels left

rFire    . . .     SeeInvis .   a - +0 falchion
rCold    . . .     Faith    .   (no shield)
rNeg     . . .     Spirit   .   b - +0 animal skin
rPois    .         Reflect  .   (no helmet)
rElec    .         Harm     .   (no cloak)
rCorr    .         Rampage  .   (no gloves)
Will     .....                  (no boots)
Stlth    ..........             (no amulet)
HPRegen  0.06/turn              (no ring)
MPRegen  0.08/turn              (no ring)

@: berserking, lethally poisoned (-2 -> -14), very quick
A: no striking features
a: Renounce Religion, Berserk


You were on level 2 of the Dungeon.
You worshipped Trog.
Trog was aware of your devotion.
You visited 1 branch of the dungeon, and saw 2 of its levels.

Inventory:

Hand Weapons
 a - a +0 falchion (weapon)
Armour
 b - a +0 animal skin (worn)


   Skills:
 - Level 2.4 Fighting
 * Level 3.1 Long Blades
 - Level 1.5 Armour
 - Level 2.4 Dodging


You couldn't memorise any spells.
You didn't know any spells.
Your spell library was empty.

Dungeon Overview and Level Annotations

Branches:
Dungeon (2/15)

Altars:


Message History

A hobgoblin comes into view.
The hobgoblin shouts!
The goblin hits you with a +0 dagger.
You barely miss the goblin. The goblin hits you but does no damage.
A dart slug comes into view.
The goblin hits you but does no damage.
You hit the goblin.
You kill the goblin!
Trog accepts your kill.
A hobgoblin comes into view.
A ball python comes into view.
The dart slug launches a dart at you. The slug dart hits you.
The hobgoblin hits you.
There is a stone staircase leading down here.
You are too injured to fight recklessly!
You climb downwards.
A kobold comes into view.
It is wielding a +0 short sword of venom.
The kobold shouts!
There is a stone staircase leading up here.
You hit the hobgoblin.
The hobgoblin is severely wounded.
The hobgoblin barely misses you. The hobgoblin hits you.
* * * LOW HITPOINT WARNING * * *
You barely miss the hobgoblin.
The hobgoblin is heavily wounded.
The hobgoblin closely misses you.
You aren't carrying any potions.
You aren't carrying any scrolls.
Unknown command.
You fail to use your ability.
The hobgoblin misses you.
You riposte.
You hit the hobgoblin but do no damage.
The hobgoblin is heavily wounded.
A red film seems to cover your vision as you go berserk!
You feel yourself moving faster!
You feel mighty!
The kobold hits you with a +0 short sword of venom.
* * * LOW HITPOINT WARNING * * *
You are lethally poisoned!
The hobgoblin hits you.
You die...

#######.#
#@K......
#g.......
.........
.........#
..........#
####........
#.......#
#######.#


You could see a hobgoblin and a kobold.

Vanquished Creatures
  A bat (D:1)
  2 goblins (D:1)
  A ball python (D:1)
  A frilled lizard (D:1)
  A rat (D:1)
6 creatures vanquished.

Vanquished Creatures (others)
  A plant (D:1)
1 creature vanquished.

Grand Total: 7 creatures vanquished

Notes
Turn   | Place    | Note
-------+----------+-------------------------------------------
     0 | D:1      | Laraso the Deep Elf Berserker began the quest for the Orb.
     0 | D:1      | Reached XP level 1. HP: 13/13 MP: 3/3
    49 | D:1      | Reached skill level 3 in Long Blades
   165 | D:2      | Slain by a hobgoblin

Illustrated notes

Levels and vault maps discovered:
D:1:      eino_arrival_cavern_b, layout_rooms,
          shapermc_ecumenical_altar_rom_forum, serial_bayou_pond_c,
          nrook_loot_triangle
D:2:      layout_loops_corners, serial_shops,
          nicolae_shop_competitors_out_of_business, grunt_ministairs_8,
          uniq_natasha

Skill      XL: |  1 |
---------------+----+-----
Long Blades    | 3 |  3.1
Fighting       | |  2.4
Armour         | |  1.5
Dodging        | |  2.4

Action                   || total
-------------------------++-------
Melee: Falchion          ||    15
Invok: Berserk           ||     1
Armor: Animal skin       ||     7
Dodge: Dodged            ||    10
       Rpst.: Falchion   ||     4

Table legend: (Time is in decaauts)
 A = Elapsed time spent in this place.
 B = Non-inter-level travel time spent in this place.
 C = Inter-level travel time spent in this place.
 D = Time resting spent in this place.
 E = Time spent auto-exploring this place.
 F = Levels seen in this place.
 G = Mean time per level.
                   A        B        C        D        E       F      G
               +--------+--------+--------+--------+--------+-----+--------+
         Total |    169 |    169 |      0 |     68 |     56 |   2 |   84.5 |
       Dungeon |    169 |    169 |      0 |     68 |     56 |   2 |   84.5 |
               +--------+--------+--------+--------+--------+-----+--------+

Top non-repeatable levels by time:
     D:1: 165 daAuts
     D:2: 3 daAuts
